 Dungeon Crawl Stone Soup version 0.28.0 (webtiles) character file.

Game seed: 18442556832757556909

23 AmazingTV the Sneak (level 2, -2/14 HPs)
             Began as a Spriggan Brigand on June 28, 2022.
             Slain by Jessica (4 damage)
             ... on level 2 of the Dungeon.
             The game lasted 00:02:56 (1065 turns).

AmazingTV the Sneak (Spriggan Brigand)              Turns: 1065, Time: 00:02:56

Health: -2/14      AC:  3    Str:  7    XL:     2   Next: 75%
Magic:  3/3        EV: 16    Int: 12    God:
Gold:   24         SH:  0    Dex: 16    Spells: 1/1 levels left

rFire   . . .      SeeInvis +   a - +2 dagger
rCold   . . .      Faith    .   (no shield)
rNeg    . . .      Spirit   .   b - +0 robe
rPois   .          Reflect  .   (helmet restricted)
rElec   .          Harm     .   c - +0 cloak
rCorr   .          Rampage  .   (gloves unavailable)
Will    .....                   (boots unavailable)
Stlth   +++.......              (no amulet)
HPRegen 0.04/turn               (no ring)
MPRegen 0.08/turn               (no ring)

@: very quick
A: very small, no large weapons, unfitting armour, see invisible, speed 3
a: no special abilities


You were on level 2 of the Dungeon.
You visited 1 branch of the dungeon, and saw 2 of its levels.

You collected 24 gold pieces.

Inventory:

Hand Weapons
 a - a +2 dagger (weapon)
 h - a +0 hunting sling
Missiles
 d - a poisoned dart (quivered)
 e - 2 curare-tipped darts
Armour
 b - a +0 robe (worn)
 c - a +0 cloak (worn)
Scrolls
 f - a scroll of immolation {unknown}
 i - a scroll of blinking {unknown}
 l - a scroll of summoning {unknown}
 m - a scroll of identify {unknown}
Potions
 g - a potion of degeneration {unknown}
 j - a potion of lignification {unknown}
 k - a potion of haste {unknown}


   Skills:
 - Level 1.5 Fighting
 + Level 2.8 Short Blades
 + Level 1.4(2.5) Slings
 + Level 2.5(2.7) Throwing
 - Level 1.3 Dodging
 - Level 5.8 Stealth


You had one spell level left.
You didn't know any spells.
Your spell library was empty.

Dungeon Overview and Level Annotations

Branches:
Dungeon (2/15)

Altars:

Shops:
D:1 :((

Annotations:
D:2 Jessica


Innate Abilities, Weirdness & Mutations

You are very small and have problems with some larger weapons.
You are too small for most types of armour.
You have supernaturally acute eyesight. (SInv)
You cover ground extremely quickly. (Speed+++)


Message History

a +0 club; 5 stones Jessica the Apprentice Sorceress comes into view.
She is wielding a +0 dagger.
Jessica shouts!
You hear a shout!
You throw a poisoned dart.
The poisoned dart closely misses Jessica.
You throw a poisoned dart.
The poisoned dart closely misses Jessica.
Jessica gestures at you while chanting. Pain shoots through your body!
Ouch! That really hurt!
There is a stone staircase leading up here.
You can't go down here!
You climb upwards.
There is a stone staircase leading down here.
You start resting.
HP restored.
There is a stone staircase leading down here.
You climb downwards.
Level annotation: Jessica
There is a stone staircase leading up here.
You throw a poisoned dart. The poisoned dart hits Jessica.
Jessica is poisoned.
You throw a poisoned dart. The poisoned dart hits Jessica.
Jessica looks even sicker.
You throw a poisoned dart. The poisoned dart hits Jessica.
Jessica looks even sicker.
You throw a poisoned dart. The poisoned dart hits Jessica.
Jessica is lightly wounded.
You throw a poisoned dart. The poisoned dart hits Jessica.
Jessica looks as sick as possible!
Jessica is moderately wounded.
You barely miss Jessica. Your punch misses Jessica.
Jessica is moderately wounded.
Jessica gestures at you while chanting. Pain shoots through your body!
Ouch! That really hurt!
* * * LOW HITPOINT WARNING * * *
You hit Jessica.
Jessica is severely wounded.
Jessica hits you with a +0 dagger.
You die...

############
#..........#######
#................#
#................#
#.....(..........#
#<.(.(............
#.........@.......
#........@....##..
#.......(..##.#
#......(...# ..
######(##### ...
#(# .# #.# # #.#
#.#


You could see Jessica (extremely poisoned).

Vanquished Creatures
  An endoplasm (D:1)
  3 goblins (D:1)
  5 kobolds
  2 quokkas (D:1)
  5 ball pythons (D:1)
  3 bats (D:1)
  A frilled lizard (D:1)
  2 rats (D:1)
22 creatures vanquished.

Notes
Turn   | Place    | Note
-------+----------+-------------------------------------------
     0 | D:1      | AmazingTV the Spriggan Brigand began the quest for the Orb.
     0 | D:1      | Reached XP level 1. HP: 10/10 MP: 2/2
    29 | D:1      | Found Ciamm's Book Shop.
    70 | D:1      | Found Apuxuint's Antique Weapon Boutique.
    96 | D:1      | Found Byic Buohuca's Weapon Emporium.
   161 | D:1      | Reached skill level 1 in Slings
   189 | D:1      | Reached XP level 2. HP: 14/14 MP: 3/3
   834 | D:2      | Noticed Jessica
  1065 | D:2      | Slain by Jessica

Illustrated notes

Levels and vault maps discovered:
D:1:      dpeg_arrival_shelter, layout_loops_cross, serial_shops, shop,
          nicolae_shop_bloodbath_and_beyond, shop_statue
D:2:      layout_rooms, uniq_robin, uniq_terence, uniq_jessica

Skill      XL: |  1 |
---------------+----+-----
Slings         | 1 |  1.4
Fighting       | |  1.5
Short Blades   | |  2.8
Throwing       | |  2.5
Dodging        | |  1.3
Stealth        | |  5.8

Action                   || total
-------------------------++-------
Melee: Dagger            ||    35
Throw: Dart              ||     7
 Stab: Sleeping          ||    15
Armor: Robe              ||     1
Dodge: Dodged            ||    19
